 Dungeon Crawl Stone Soup version 0.21-a0-621-gc60411f (webtiles) character file.

371154 Firecrotchwizard the Warrior (level 21, -9/199 HPs)
             Began as a Demonspawn Berserker on Dec 23, 2017.
             Was the Champion of Trog.
             Mangled by a phantasmal warrior (26 damage)
             ... on level 4 of the Depths on Dec 24, 2017.
             The game lasted 02:17:31 (52254 turns).

Firecrotchwizard the Warrior (DsBe)                Turns: 52254, Time: 02:17:32

Health: -9/199     AC: 33    Str: 24    XL:     21   Next: 69%
Magic:  29/29      EV: 30    Int:  9    God:    Trog [******]
Gold:   4111       SH:  0    Dex: 22    Spells: 20/20 levels left

rFire    + + +     SeeInvis .   z - +9 lajatang (vamp) {!w}
rCold    + . .     Gourm    .   (shield currently unavailable)
rNeg     + . .     Faith    .   H - +5 fire dragon scales
rPois    +         Spirit   .   W - +2 hat {MR+}
rElec    +         Reflect  .   v - +2 cloak
rCorr    +         Harm     .   w - +2 pair of gloves
MR       +....                  (boots unavailable)
Stlth    +++.......             J - amulet of Gyug {+Rage rElec rN+ MR+}
HPRegen  0.43/turn              O - +6 ring of strength
MPRegen  0.21/turn              E - +4 ring of evasion

@: resistant, vulnerable
A: hooves 3, thin metallic scales 3, cold resistance 1, nightstalker 3, robust
1, freezing cloud immunity
}: 2/15 runes: decaying, serpentine
a: Berserk, Trog's Hand, Brothers in Arms, Burn Spellbooks, Renounce Religion,
Evoke Berserk Rage


You were on level 4 of the Depths.
You worshipped Trog.
Trog was exalted by your worship.
You were not hungry.

You visited 7 branches of the dungeon, and saw 39 of its levels.
You visited the Abyss 1 time.
You also visited: Ice Cave.

You collected 4111 gold pieces.

Inventory:

Hand Weapons
 o - a +7 antimagic lajatang
   (Trog gifted it to you on level 4 of the Vaults)
 z - a +9 vampiric lajatang (weapon) {!w}
   (Trog gifted it to you in an ice cave)
Missiles
 C - 14 curare-tipped needles
 R - 10 tomahawks of dispersal {=f}
Armour
 v - a +2 cloak (worn)
   (You took it off Maurice on level 11 of the Dungeon)
 w - a +2 pair of gloves (worn)
   (You found it on level 6 of the Dungeon)
 H - +5 fire dragon scales (worn)
   (You found it on level 2 of the Depths)
 Q - a +2 plate armour of poison resistance
   (You took it off an orc warrior on level 12 of the Dungeon)
 W - a +2 hat of magic resistance (worn)
   (You found it on level 3 of the Vaults)
Jewellery
 a - an uncursed ring of protection from magic {MR+, !d}
   (You found it on level 3 of the Dungeon)
 f - an uncursed ring of protection from magic {MR+, !d}
   (You found it on level 2 of the Lair of Beasts)
 D - an uncursed ring of flight {+Fly, !d}
   (You found it on level 2 of the Lair of Beasts)
 E - a +4 ring of evasion (right hand)
   (You found it on level 3 of the Snake Pit)
 J - the amulet of Gyug (around neck) {+Rage rElec rN+ MR+}
   (You found it in an ice cave)

   [amulet of rage]

   It insulates you from electricity.
   It protects you from negative energy.
   It affects your resistance to hostile enchantments.
   It lets you go berserk.
 L - an uncursed ring of protection from cold {rC+, !d}
   (You found it in an ice cave)
 N - an uncursed ring of protection from magic {MR+, !d}
   (You took it off a yaktaur on level 4 of the Vaults)
 O - a +6 ring of strength (left hand)
   (You found it on level 2 of the Vaults)
 T - an uncursed ring of positive energy {rN+}
   (You took it off an orc on level 12 of the Dungeon)
 Y - an uncursed ring of protection from cold {rC+, !d}
   (You found it on level 3 of the Abyss)
Wands
 g - a wand of acid (5)
   (You found it on level 8 of the Dungeon)
 p - a wand of enslavement (40)
   (You took it off a crimson imp on level 9 of the Dungeon)
 u - a wand of paralysis (8)
   (You found it on level 1 of the Vaults)
 x - a wand of scattershot (4)
   (You found it on level 7 of the Dungeon)
 A - a wand of clouds (7)
   (You took it off Maurice on level 11 of the Dungeon)
 I - a wand of iceblast (71)
   (You found it in an ice cave)
 M - a wand of flame (23)
   (You found it on level 2 of the Vaults)
 V - a wand of digging (23)
   (You found it on level 13 of the Dungeon)
Scrolls
 d - 17 scrolls of remove curse
 e - a scroll of enchant armour
 j - 12 scrolls of teleportation
 k - 3 scrolls of summoning
 t - 6 scrolls of fear
 y - 4 scrolls of blinking {!r}
 B - 2 scrolls of fog
 F - 5 scrolls of identify
 K - 4 scrolls of brand weapon
 X - a scroll of magic mapping {!r}
Potions
 b - 4 potions of curing
 h - 3 potions of resistance
 i - 6 potions of haste
 l - 7 potions of lignification {!q}
 m - 2 potions of cancellation
 n - 2 potions of experience {unknown}
 q - 2 potions of flight {unknown}
 r - 9 potions of might
 s - 5 potions of agility
 P - 4 potions of mutation {!q}
 S - 3 potions of berserk rage {!q}
 U - a potion of ambrosia
 Z - a potion of brilliance
Miscellaneous
 G - a sack of spiders
Comestibles
 c - 38 rations {@e1}


   Skills:
 + Level 19.5 Fighting
   Level 3.4(10.4) Maces & Flails
 * Level 14.7(14.8) Staves
 + Level 18.1 Armour
 + Level 18.1 Dodging
 - Level 11.4 Evocations


You had 20 spell levels left.
You didn't know any spells.

Dungeon Overview and Level Annotations

Branches:
Dungeon (15/15)            Temple (0/1) D:5            Lair (6/6) D:9
  Swamp (4/4) Lair:3        Snake (4/4) Lair:2        Slime (0/5) Lair:5
    Orc (2/2) D:12            Elf (0/3) Orc:2        Vaults (4/5) D:13
  Crypt (0/3) Vaults:2     Depths (4/5) D:15

Altars:
Cheibriados
Dithmenos
Elyvilon
Gozag
Kikubaaqudgha
Qazlal
Sif Muna
Vehumet
Wu Jian
Xom
Beogh
Jiyva

Shops:
D:9 *   D:12 *   Orc:2 }[(}}   Snake:2 ?   Snake:4 }==   Vaults:1 %

Portals:
Hell: Depths:1 Depths:2 Depths:3
Abyss: Depths:1
Pandemonium: Depths:2 Depths:3
Ziggurat: Depths:3

Annotations:
D:2 1 runed door
D:13 exclusion: door
Lair:1 exclusion: oklob plant
Lair:6 exclusion: 4 oklob plants


Innate Abilities, Weirdness & Mutations

You have hooves in place of feet.
You are completely covered in thin metallic scales. (AC +4, rElec)
Your flesh is cold resistant. (rC+)
You are completely attuned to the shadows.
You are robust. (+10% HP)
You are immune to freezing clouds.


Message History

Your kick misses the hornet.
The phantasmal warrior hits you but does no damage.
The spriggan rider hits you from afar with a spear!
* * * LOW HITPOINT WARNING * * *
The phantasmal warrior hits you!
* * * LOW HITPOINT WARNING * * *
Your magical defenses are stripped away!
The hornet misses you.
You take 24 damage, and have 41/199 hp.
You hit the hornet.
You feel better.
You kick the hornet.
The phantasmal warrior completely misses you.
The hornet barely misses you.
You regained 2 hp, and now have 43/199 hp.
You slice the hornet!!
You feel better.
You kill the hornet!
Trog accepts your kill. The spriggan rider closely misses you.
The phantasmal warrior closely misses you.
A tengu warrior comes into view. It is wielding a halberd of venom.
The phantasmal warrior completely misses you.
The spriggan rider hits you but does no damage.
Items here: ( )) †† an uncursed spear; an uncursed blowgun; a curare-tipped needle; a hornet corpse a spriggan corpse The tengu warrior shouts!
You hit the spriggan rider.
You feel better. The spriggan rider blocks your attack.
You hear a shout! x4
The phantasmal warrior hits you but does no damage.
The spriggan rider hits you with a spear.
* * * LOW HITPOINT WARNING * * *
The phantasmal warrior misses you.
A frost giant comes into view. It is wielding a battleaxe of freezing.
You take 2 damage, and have 43/199 hp.
The spriggan rider blocks your attack.
Your kick misses the spriggan rider.
The phantasmal warrior completely misses you.
The frost giant casts a spell at you. The bolt of cold hits you!
The tengu warrior closely misses you. The spriggan rider closely misses you.
You closely miss the spriggan rider. You kick the spriggan rider!
The phantasmal warrior barely misses you.
The phantasmal warrior completely misses you.
The spriggan rider blocks your attack.
You kick the spriggan rider.
The tengu warrior hits you from afar with a halberd of venom!
* * * LOW HITPOINT WARNING * * *
You are poisoned.
The spriggan rider hits you but does no damage.
The phantasmal warrior completely misses you.
You take 9 damage, and have 35/199 hp.
Your magical effects are unravelling.
You feel magically purged.
You feel less vulnerable to hostile enchantments.
You feel sick.
The phantasmal warrior completely misses you.
The spriggan rider barely misses you.
The phantasmal warrior closely misses you.
A tengu conjurer comes into view.
You take 2 damage, and have 33/199 hp.
You feel protected.
You feel sick.
The phantasmal warrior hits you but does no damage.
The spriggan rider barely misses you. The phantasmal warrior misses you.
You slice the spriggan rider!!
You kill the spriggan!
Trog accepts your kill.
You kick the hornet.
The phantasmal warrior completely misses you.
The tengu warrior misses you. The hornet misses you.
You closely miss the hornet. Your kick misses the hornet.
You feel sick.
The tengu conjurer mumbles some strange words.
The tengu conjurer blinks!
The phantasmal warrior hits you but does no damage.
The frost giant hits you but does no damage.
The hornet completely misses you.
The phantasmal warrior completely misses you.
You take 1 damage, and have 32/199 hp.
You slice the hornet!!
You kill the hornet!
Trog accepts your kill. The tengu warrior closely misses you.
The phantasmal warrior hits you!
* * * LOW HITPOINT WARNING * * *
You take 6 damage, and have 26/199 hp.
You slice the frost giant!! Your kick misses the frost giant.
You feel sick.
The phantasmal warrior barely misses you.
The frost giant hits you but does no damage.
You take 1 damage, and have 25/199 hp.
You slash the frost giant! You kick the frost giant.
You feel sick. The phantasmal warrior hits you!
* * * LOW HITPOINT WARNING * * *
Your magical defenses are stripped away!
The tengu warrior misses you.
The phantasmal warrior hits you but does no damage.
You take 15 damage, and have 10/199 hp.
You hit the frost giant.
You kick the frost giant, but do no damage.
The frost giant completely misses you. The phantasmal warrior misses you.
The tengu warrior hits you but does no damage.
You are more poisoned.
You feel better. The phantasmal warrior hits you!!
You die...

#....................
#....................
#....................
#....... .........
#........ ........
#........ .......
#...).... ....
#(.(W.... #()W@)...
#...C.... . #....Q...
.. ......... ..
...Q..... .. ... ....
.... ....


You could see a frost giant, a tengu warrior, 2 phantasmal warriors and a tengu
conjurer.

Vanquished Creatures
  Mara (Depths:3)
  2 liches
  A titan (Vaults:4)
  A sphinx (Vaults:2)
  An ancient champion (Vaults:2)
  3 tengu reavers
  2 thorn hunters
  Kirke (D:13)
  A storm dragon (Vaults:4)
  9 nagarajas
  A fire giant (Depths:2)
  A deep elf sorcerer (Vaults:3)
  7 frost giants
  Aizul (Snake:1)
  6 vault wardens
  A spriggan defender (Depths:2)
  9 very ugly things
  9 ironheart preservers
  A war gargoyle (Vaults:4)
  5 stone giants
  An entropy weaver (Vaults:4)
  An entropy weaver (shapeshifter) (Depths:2)
  3 vampire knights
  Nessos (D:13)
  A deep elf demonologist (Vaults:3)
  4 spark wasps (Depths:2)
  5 ettins
  4 fire dragons
  Josephine (D:13)
  A jiangshi (Vaults:2)
  6 ice dragons
  9 yaktaur captains
  4 great orbs of eyes
  The ghost of TheOneDM the Ripper, a journeyman FeMo of Xom (Snake:1)
  Erolcha (D:11)
  11 naga warriors
  11 centaur warriors
  4 hydras
  2 ghost crabs (Swamp:3)
  3 rakshasas
  20 anacondas
  2 vault guards (D:13)
  Erica (D:8)
  41 two-headed ogres
  7 alligators
  A deep troll earth mage (Depths:2)
  3 vampire magi
  16 ogre magi
  16 death yaks
  2 orc high priests (Orc:2)
  2 deep troll shamans
  7 spriggan berserkers
  5 tengu warriors
  14 naga sharpshooters
  2 deep elf knights
  2 salamander mystics (Snake:4)
  6 shock serpents
  A shadow wraith (Vaults:3)
  2 iron trolls (Depths:3)
  16 skeletal warriors
  A death drake (Swamp:4)
  3 sixfirhies (Abyss:3)
  2 unseen horrors
  14 wizards
  11 ironbrand convokers
  A glowing orange brain (shapeshifter) (Vaults:4)
  A shambling mangrove (Swamp:2)
  9 naga ritualists
  11 deep trolls
  Pikel (D:6)
  2 spriggan druids (Swamp:4)
  7 swamp dragons
  3 deep elf archers
  2 phantasmal warriors (Vaults:4)
  A wolf spider zombie (D:13)
  8 cyclopes
  12 orc knights
  A tengu skeleton (Vaults:3)
  4 salamanders
  6 deep elf magi
  A salamander (shapeshifter) (Vaults:3)
  42 ugly things
  10 mana vipers
  3 necromancers
  5 manticores
  4 orc sorcerers
  10 wolf spiders
  A frost giant zombie (Vaults:3)
  7 centaur zombies
  39 black mambas
  Maurice (D:11)
  An ice statue (IceCv)
  9 guardian serpents
  13 vault sentinels
  A gargoyle (D:12)
  17 naga magi
  A rime drake (Lair:5)
  15 spiny frogs
  A storm dragon simulacrum (Vaults:4)
  3 komodo dragons
  5 freezing wraiths
  3 swamp worm zombies (Swamp:4)
  2 redback zombies (D:15)
  A guardian mummy (D:15)
  2 efreet
  A komodo dragon (shapeshifter) (Vaults:1)
  54 yaktaurs
  3 human skeletons
  3 tengu conjurers
  A jumping spider (Vaults:4)
  9 trolls
  14 polar bears
  A meliai (shapeshifter) (Vaults:3)
  A queen bee (shapeshifter) (Vaults:3)
  3 raiju (Abyss:3)
  4 tyrant leeches
  14 hornets
  6 hippogriffs
  9 bog bodies
  A stone giant simulacrum (Vaults:1)
  37 slime creatures
  31 blink frogs
  24 spriggans
  7 dream sheep (Lair:6)
  A vampire (D:10)
  8 wraiths
  9 redbacks
  7 shadows
  7 wyverns
  47 yaks
  2 hogs (shapeshifter)
  The ghost of Maimakterion the Slasher, an amateur MiFi (D:4)
  A hog (D:13)
  A steam dragon (D:10)
  19 vampire mosquitoes
  3 hungry ghosts
  4 basilisks
  20 humans (D:13)
  A human simulacrum (Vaults:3)
  Menkaure (D:4)
  20 swamp worms
  7 wargs
  13 insubstantial wisps
  53 nagas
  An acid dragon (D:13)
  21 water moccasins
  7 swamp drakes
  9 porcupines
  39 orc warriors
  A phantom (D:13)
  4 ice beasts
  A black bear (D:10)
  4 sky beasts
  A black bear (shapeshifter) (Vaults:1)
  An elf zombie (Vaults:4)
  An ettin simulacrum (Vaults:2)
  7 boggarts (Vaults:3)
  29 wolves
  37 ogres
  19 centaurs
  21 crocodiles
  A big kobold (D:7)
  A gnoll sergeant (D:11)
  14 bullfrogs
  An ogre simulacrum (Vaults:1)
  6 scorpions
  2 water moccasin skeletons (D:10)
  3 killer bees (D:8)
  3 wights (D:7)
  4 electric eels (D:9)
  4 howler monkeys
  A lava snake (Lair:1)
  3 quasits
  12 crimson imps
  40 orc priests
  A bullfrog zombie (D:10)
  6 jellies
  10 hounds
  2 iron imps
  33 orc wizards
  4 centaur skeletons
  2 bullfrog skeletons
  6 iguanas
  19 worker ants
  2 hound zombies
  A mummy (D:15)
  16 adders
  9 gnolls
  5 shadow imps
  2 white imps
  An ufetubus (Snake:1)
  6 oozes
  2 adder zombies
  3 worms
  2 dart slugs (D:1)
  6 leopard geckos
  100 orcs
  A ball python (D:4)
  7 bats
  6 giant cockroaches
  8 hobgoblins
  10 jackals
  3 quokkas
  9 frilled lizards
  10 goblins
  A jackal zombie (D:7)
  4 kobolds
  A leopard gecko skeleton (D:4)
  A leopard gecko zombie (D:5)
  A quokka skeleton (D:6)
  6 rats
  A plant (Lair:6)
  A starspawn tentacle (Abyss:3)
1654 creatures vanquished.

Vanquished Creatures (collateral kills)
  Nikola (Swamp:1)
  Jorgrun (Swamp:2)
  A lich (Vaults:4)
  A tentacled starspawn (Abyss:3)
  A nagaraja (Snake:4)
  A vault warden (Vaults:2)
  A stone giant (Depths:1)
  An entropy weaver (Vaults:2)
  An ettin (Depths:1)
  A vault guard (Vaults:2)
  A rakshasa (Vaults:2)
  A ghost crab (Swamp:2)
  6 hydras
  An anaconda (Snake:4)
  A two-headed ogre (Vaults:4)
  A death yak (Lair:6)
  An orc high priest (Orc:2)
  A storm dragon zombie (Vaults:4)
  A shock serpent (Snake:4)
  A shadow wraith (Vaults:2)
  A swamp dragon (Swamp:2)
  2 deep elf archers (Vaults:2)
  3 orc knights
  An ironbrand convoker (Vaults:4)
  A wolf spider (Vaults:4)
  A mana viper (Snake:4)
  2 deep elf magi (Vaults:2)
  A black mamba (Snake:4)
  2 guardian serpents (Snake:4)
  A naga mage (Snake:4)
  4 yaktaurs (Vaults:2)
  A yaktaur (shapeshifter) (Vaults:4)
  2 tyrant leeches
  A hornet (Swamp:4)
  A blink frog (Swamp:4)
  A redback (Vaults:2)
  A wyvern (Lair:6)
  A vampire mosquito (Swamp:2)
  4 nagas (Snake:4)
  2 swamp drakes (Swamp:1)
  A water moccasin (Lair:6)
  3 orc warriors (Orc:2)
  2 ogres (Vaults:4)
  A phantom (Swamp:4)
  7 centaurs
  5 orc priests
  2 orc wizards (Orc:2)
79 creatures vanquished.

Vanquished Creatures (others)
  A tengu reaver (Depths:3)
  A yaktaur captain (Vaults:4)
  An orc high priest (Orc:2)
  An ogre mage (Vaults:4)
  A wizard (D:13)
  A guardian serpent (Snake:4)
  A human (D:13)
  A swamp drake (D:9)
  A phantom (Swamp:4)
  A slave (D:6)
  A bullfrog (D:6)
  4 orc wizards
  A worker ant (D:6)
  5 orcs
  36 bushes (Depths:2)
  6 fungi
  71 plants
  3 starspawn tentacles (Abyss:3)
137 creatures vanquished.

Grand Total: 1870 creatures vanquished

Notes
Turn   | Place    | Note
-------+----------+-------------------------------------------
     0 | D:1      | Firecrotchwizard the Demonspawn Berserker began the quest for the Orb.
     0 | D:1      | Reached XP level 1. HP: 18/18 MP: 1/1
   287 | D:1      | Gained mutation: You have large cloven feet. [demonic ancestry]
   287 | D:1      | Reached XP level 2. HP: 12/24 MP: 2/2
   484 | D:1      | Reached skill level 2 in Dodging
   629 | D:1      | Reached skill level 3 in Maces & Flails
   629 | D:1      | Reached skill level 2 in Armour
  1141 | D:2      | Gained mutation: Your flesh is cold resistant. (rC+) [demonic ancestry]
  1141 | D:2      | Reached XP level 3. HP: 25/29 MP: 3/3
  1271 | D:2      | Reached ** piety under Trog
  1580 | D:2      | Found a runed door.
  1941 | D:3      | Gained mutation: You are partially covered in thin metallic scales. (AC +2) [demonic ancestry]
  1941 | D:3      | Reached XP level 4. HP: 29/35 MP: 4/4
  1951 | D:3      | Found an ornate altar of the Wu Jian Council.
  2182 | D:3      | Reached skill level 1 in Staves
  2188 | D:3      | Reached XP level 5. HP: 19/42 MP: 5/5
  2782 | D:3      | Reached *** piety under Trog
  2996 | D:3      | Reached skill level 3 in Armour
  3024 | D:4      | Reached skill level 4 in Fighting
  3024 | D:4      | Reached skill level 3 in Dodging
  3072 | D:4      | Noticed Maimakterion's ghost (amateur MiFi)
  3242 | D:4      | Noticed Menkaure
  3260 | D:4      | Reached XP level 6. HP: 20/48 MP: 6/6
  3269 | D:4      | HP: 11/48 [Menkaure/nerve-wracking pain (9)]
  3273 | D:4      | Killed Menkaure
  3273 | D:4      | Reached skill level 2 in Staves
  3781 | D:4      | Killed Maimakterion's ghost
  3781 | D:4      | Gained mutation: You are mostly covered in thin metallic scales. (AC +3) [demonic ancestry]
  3781 | D:4      | Reached XP level 7. HP: 28/55 MP: 7/7
  4086 | D:4      | Reached skill level 3 in Staves
  4086 | D:4      | Reached skill level 4 in Armour
  4094 | D:4      | Reached skill level 5 in Fighting
  4094 | D:4      | Reached skill level 4 in Dodging
  4152 | D:4      | Found a shadowy altar of Dithmenos.
  4381 | D:5      | Entered Level 5 of the Dungeon
  4808 | D:5      | Reached XP level 8. HP: 63/63 MP: 8/8
  4851 | D:5      | Found a staircase to the Ecumenical Temple.
  5147 | D:6      | Noticed Pikel
  5194 | D:6      | Killed Pikel
  5194 | D:6      | Reached skill level 6 in Fighting
  5194 | D:6      | Reached skill level 4 in Staves
  5194 | D:6      | Reached skill level 5 in Armour
  5194 | D:6      | Reached skill level 5 in Dodging
  5346 | D:6      | Reached **** piety under Trog
  5410 | D:6      | Found a stormy altar of Qazlal.
  5520 | D:6      | Found a snail-covered altar of Cheibriados.
  5585 | D:6      | Found a shimmering altar of Xom.
  5644 | D:6      | Gained mutation: You are immune to freezing clouds. [demonic ancestry]
  5644 | D:6      | Reached XP level 9. HP: 64/71 MP: 9/9
  5710 | D:7      | Reached skill level 5 in Staves
  5938 | D:7      | Reached skill level 7 in Fighting
  5938 | D:7      | Reached skill level 6 in Armour
  5962 | D:7      | Reached skill level 6 in Dodging
  6422 | D:8      | Noticed Erica
  6463 | D:8      | HP: 25/108 [bullfrog (4)]
  6468 | D:8      | HP: 14/108 [something/bolt of poison (10)]
  6473 | D:8      | Killed Erica
  6473 | D:8      | Reached skill level 6 in Staves
  6473 | D:8      | Gained mutation: You are completely covered in thin metallic scales. (AC +4, rElec) [demonic ancestry]
  6473 | D:8      | Reached XP level 10. HP: 30/80 MP: 10/10
  6478 | D:8      | HP: 27/120 [bullfrog (4)]
  6961 | D:8      | Reached ***** piety under Trog
  7284 | D:8      | Reached skill level 8 in Fighting
  7291 | D:8      | Reached skill level 7 in Armour
  7521 | D:9      | Found Lucyl's General Store.
  7528 | D:9      | Reached skill level 7 in Dodging
  7625 | D:9      | Found a staircase to the Lair.
  7900 | D:9      | Noticed a deep elf mage
  7906 | D:9      | Noticed a sun demon
  7908 | D:9      | Killed a deep elf mage
  8002 | D:9      | Reached skill level 7 in Staves
  8006 | D:9      | Received a gift from Trog
  8061 | D:9      | Noticed a deep elf mage
  8070 | D:9      | Killed a deep elf mage
  8176 | D:9      | Found an ancient bone altar of Kikubaaqudgha.
  8224 | D:9      | Found an ancient bone altar of Kikubaaqudgha.
  8263 | D:9      | Found a white marble altar of Elyvilon.
  8512 | Lair:1   | Entered Level 1 of the Lair of Beasts
  8641 | Lair:1   | Noticed an oklob plant
  8762 | Lair:1   | Reached skill level 9 in Fighting
  8785 | Lair:1   | Reached skill level 8 in Armour
  8857 | Lair:1   | Reached skill level 8 in Dodging
  8857 | Lair:1   | Reached XP level 11. HP: 72/89 MP: 11/11
  8875 | Lair:1   | HP: 18/89 [yak (11)]
  8877 | Lair:1   | HP: 8/89 [yak (10)]
  9808 | Lair:2   | Reached skill level 8 in Staves
 10664 | Lair:2   | HP: 17/90 [naga/trident (9)]
 10669 | Lair:2   | HP: 7/90 [naga/splash of poison (6)]
 10684 | Lair:2   | HP: 22/90 [poisoned by a naga (splash of poison)]
 10689 | Lair:2   | HP: 17/90 [poisoned by a naga (splash of poison)]
 10695 | Lair:2   | HP: 15/90 [poisoned by a naga (splash of poison)]
 10700 | Lair:2   | HP: 14/90 [poisoned by a naga (splash of poison)]
 10706 | Lair:2   | HP: 13/90 [poisoned by a naga (splash of poison)]
 10715 | Lair:2   | HP: 12/90 [poisoned by a naga (splash of poison)]
 10721 | Lair:2   | HP: 12/90 [poisoned by a naga (splash of poison)]
 10727 | Lair:2   | HP: 12/90 [poisoned by a naga (splash of poison)]
 10733 | Lair:2   | HP: 12/90 [poisoned by a naga (splash of poison)]
 11071 | Lair:2   | Found a staircase to the Snake Pit.
 11155 | Lair:3   | Reached skill level 10 in Fighting
 11193 | Lair:2   | Reached skill level 9 in Armour
 11200 | Lair:2   | Reached skill level 9 in Dodging
 11569 | Lair:3   | Found a frozen archway.
 11588 | IceCv    | Entered an ice cave
 11687 | IceCv    | Received a gift from Trog
 11946 | IceCv    | Gained mutation: You are slightly more attuned to the shadows. [demonic ancestry]
 11946 | IceCv    | Reached XP level 12. HP: 98/98 MP: 12/12
 12017 | IceCv    | Reached skill level 9 in Staves
 12070 | IceCv    | Noticed a death yak
 12070 | IceCv    | Noticed a death yak
 12109 | IceCv    | Killed a death yak
 12123 | IceCv    | Killed a death yak
 12286 | IceCv    | Noticed a death yak
 12291 | IceCv    | Noticed a frost giant
 12303 | IceCv    | Killed a death yak
 12317 | IceCv    | HP: 23/99 [frost giant/battleaxe of freezing (15)]
 12318 | IceCv    | Killed a frost giant
 12318 | IceCv    | Reached skill level 11 in Fighting
 12318 | IceCv    | Reached skill level 10 in Armour
 12318 | IceCv    | Reached skill level 10 in Dodging
 12381 | IceCv    | Got a vibrating diamond amulet
 12443 | Lair:3   | Reached ****** piety under Trog
 12528 | Lair:3   | Found a staircase to the Swamp.
 12540 | Lair:3   | Identified the amulet of Gyug {+Rage rElec rN+ MR+} (You found it in an ice cave)
 12581 | Lair:3   | HP: 24/100 [poison (poison gas)]
 12586 | Lair:3   | HP: 18/100 [poison (poison gas)]
 12591 | Lair:3   | HP: 13/100 [poison (poison gas)]
 12597 | Lair:3   | HP: 11/100 [poison (poison gas)]
 12603 | Lair:3   | HP: 10/100 [poison (poison gas)]
 12609 | Lair:3   | HP: 9/100 [poison (poison gas)]
 12616 | Lair:3   | HP: 9/100 [poison (poison gas)]
 12757 | Lair:3   | Reached skill level 10 in Staves
 13052 | Lair:3   | Received a gift from Trog
 13377 | Lair:4   | Gained mutation: You have hoof-like feet. [demonic ancestry]
 13377 | Lair:4   | Reached XP level 13. HP: 106/106 MP: 13/13
 13713 | Lair:4   | Found a deep blue altar of Sif Muna.
 14514 | Lair:5   | Found a viscous altar of Jiyva.
 14515 | Lair:5   | Found a staircase to the Slime Pits.
 14829 | Lair:5   | Reached skill level 12 in Fighting
 14874 | Lair:5   | Reached skill level 11 in Armour
 15000 | Lair:5   | Reached skill level 11 in Dodging
 15295 | Lair:6   | Entered Level 6 of the Lair of Beasts
 15767 | Lair:6   | Received a gift from Trog
 15948 | Lair:6   | Reached skill level 11 in Staves
 16916 | Lair:6   | Reached XP level 14. HP: 110/116 MP: 14/14
 17714 | Lair:6   | HP: 29/116 [poisoned by a wolf spider]
 17719 | Lair:6   | HP: 28/116 [poisoned by a wolf spider]
 17726 | Lair:6   | HP: 27/116 [poisoned by a wolf spider]
 17733 | Lair:6   | HP: 27/116 [poisoned by a wolf spider]
 17741 | Lair:6   | HP: 27/116 [poisoned by a wolf spider]
 18203 | D:10     | Entered Level 10 of the Dungeon
 18870 | D:10     | Found a snail-covered altar of Cheibriados.
 19397 | D:11     | Noticed Maurice
 19397 | D:11     | Noticed Erolcha
 19405 | D:11     | Killed Erolcha
 19405 | D:11     | Reached skill level 13 in Fighting
 19659 | D:11     | Killed Maurice
 19839 | D:11     | Reached skill level 12 in Dodging
 19847 | D:11     | Received a gift from Trog
 19949 | D:11     | Reached skill level 12 in Armour
 20312 | D:12     | Found a staircase to the Orcish Mines.
 20393 | D:12     | Received a gift from Trog
 20720 | D:12     | Found Oskanlae's General Store.
 20886 | Orc:1    | Entered Level 1 of the Orcish Mines
 20938 | Orc:1    | Reached skill level 12 in Staves
 21111 | Orc:2    | Entered Level 2 of the Orcish Mines
 21283 | Orc:2    | Found Gieppof's Gadget Emporium.
 21664 | Orc:2    | Received a gift from Trog
 21772 | Orc:2    | Found a staircase to the Elven Halls.
 21982 | Orc:2    | Found Tackeuc's Antique Weapon Boutique.
 21983 | Orc:2    | Found Wexyjidgh's Gadget Boutique.
 21989 | Orc:2    | Found Ylaejepe's Armour Shop.
 21991 | Orc:2    | Found Jaufap's Gadget Shop.
 22330 | Orc:1    | Gained mutation: You have hooves in place of feet. [demonic ancestry]
 22330 | Orc:1    | Reached XP level 15. HP: 124/124 MP: 15/15
 22366 | Orc:1    | Received a gift from Trog
 22509 | Orc:1    | Found a roughly hewn altar of Beogh.
 22728 | D:13     | Noticed Nessos
 23031 | D:13     | Noticed Josephine
 23041 | D:13     | Killed Josephine
 23539 | D:13     | Noticed Kirke
 23549 | D:13     | Killed Kirke
 23690 | D:13     | Received a gift from Trog
 23709 | D:13     | Killed Nessos
 23746 | D:13     | Reached skill level 14 in Fighting
 23985 | D:13     | Found a gate to the Vaults.
 24345 | D:14     | Reached skill level 13 in Armour
 24350 | D:14     | Reached skill level 13 in Dodging
 24616 | D:14     | Received a gift from Trog
 25180 | D:14     | Found an opulent altar of Gozag.
 25524 | D:15     | Entered Level 15 of the Dungeon
 25576 | D:15     | Reached skill level 13 in Staves
 25981 | D:15     | Found a staircase to the Depths.
 26284 | D:15     | Gained mutation: You are significantly more attuned to the shadows. [demonic ancestry]
 26284 | D:15     | Reached XP level 16. HP: 134/134 MP: 16/16
 26569 | Swamp:1  | Entered Level 1 of the Swamp
 26806 | Swamp:1  | Noticed Nikola
 26955 | Swamp:1  | Killed Nikola
 27189 | Swamp:1  | Got a dull robe
 27201 | Swamp:1  | Found a white marble altar of Elyvilon.
 27560 | Swamp:2  | Found the +4 robe of Augmentation {Str+4 Int+4 Dex+4}
 27699 | Swamp:2  | Received a gift from Trog
 27829 | Swamp:2  | Noticed a thorn hunter
 27842 | Swamp:2  | Killed a thorn hunter
 28043 | Swamp:2  | HP: 29/134 [shambling mangrove (9)]
 28583 | Swamp:2  | Noticed Jorgrun
 28592 | Swamp:2  | Killed Jorgrun
 28598 | Swamp:2  | Reached skill level 15 in Fighting
 29792 | Swamp:4  | Entered Level 4 of the Swamp
 29825 | Swamp:4  | Reached skill level 14 in Armour
 29831 | Swamp:4  | Paralysed by a hornet for 1 turns
 29835 | Swamp:4  | Reached skill level 14 in Dodging
 30317 | Swamp:4  | Noticed a thorn hunter
 30589 | Swamp:4  | Killed a thorn hunter
 30602 | Swamp:4  | Received a gift from Trog
 31272 | Swamp:4  | Noticed a bone dragon
 31274 | Swamp:4  | HP: 30/136 [phantasmal warrior (16)]
 31279 | Swamp:4  | Got a decaying rune of Zot
 31279 | Swamp:4  | HP: 19/136 [phantasmal warrior (18)]
 31722 | Snake:1  | Entered Level 1 of the Snake Pit
 31729 | Snake:1  | Noticed TheOneDM's ghost (journeyman FeMo)
 31739 | Snake:1  | Noticed Aizul
 31764 | Snake:1  | Killed Aizul
 31800 | Snake:1  | Killed TheOneDM's ghost
 32058 | Snake:1  | Reached XP level 17. HP: 126/142 MP: 1/17
 32525 | Snake:1  | Cast into level 3 of the Abyss (a Zot trap)
 32800 | Snake:1  | Escaped the Abyss
 33847 | Snake:2  | Found Comiam's Magic Scroll Shop.
 33853 | Snake:2  | Reached skill level 16 in Fighting
 34476 | Snake:2  | Received a gift from Trog
 35266 | Snake:3  | Reached skill level 15 in Armour
 35397 | Snake:3  | Reached skill level 15 in Dodging
 35962 | Snake:4  | Entered Level 4 of the Snake Pit
 36741 | Snake:4  | Reached skill level 1 in Evocations
 36745 | Snake:4  | Received a gift from Trog
 36751 | Snake:4  | HP: 31/145 [guardian serpent (14)]
 36753 | Snake:4  | HP: 9/145 [guardian serpent (13)]
 36758 | Snake:4  | HP: 30/145 [poisoned by a guardian serpent (bolt of poison)]
 36759 | Snake:4  | HP: 9/145 [guardian serpent (13)]
 36954 | Snake:4  | Reached skill level 2 in Evocations
 36981 | Snake:4  | Reached XP level 18. HP: 147/153 MP: 19/19
 37154 | Snake:4  | Reached skill level 3 in Evocations
 37503 | Snake:4  | Received a gift from Trog
 37533 | Snake:4  | Reached skill level 4 in Evocations
 37890 | Snake:4  | Got a serpentine rune of Zot
 37963 | Snake:4  | Found Ynuclegh's Jewellery Emporium.
 37964 | Snake:4  | Found Laniesi's Gadget Shop.
 37964 | Snake:4  | Found Ryramm's Jewellery Emporium.
 38018 | Snake:4  | Reached skill level 17 in Fighting
 38879 | Vaults:1 | Entered Level 1 of the Vaults
 39045 | Vaults:1 | Reached skill level 5 in Evocations
 39197 | Vaults:1 | Received a gift from Trog
 39599 | Vaults:1 | Reached skill level 16 in Armour
 40024 | Vaults:1 | Reached skill level 16 in Dodging
 40024 | Vaults:1 | Reached skill level 6 in Evocations
 40642 | Vaults:1 | Found Dazubuac's Food Shoppe.
 40717 | Vaults:1 | HP: 38/155 [vault warden/uncursed battleaxe (30)]
 41156 | Vaults:2 | Gained mutation: You are robust. (+10% HP) [demonic ancestry]
 41156 | Vaults:2 | Reached XP level 19. HP: 151/177 MP: 23/23
 41403 | Vaults:2 | Received a gift from Trog
 41569 | Vaults:2 | Reached skill level 7 in Evocations
 43057 | Vaults:2 | Found a staircase to the Crypt.
 43519 | Vaults:3 | Paralysed by an ogre mage for 4 turns
 43669 | Vaults:3 | Got a diamond-encrusted chain mail
 43670 | Vaults:3 | Identified the cursed +1 chain mail of the Princeling {rF+ Int+2} (You found it on level 3 of the Vaults)
 43714 | Vaults:3 | Reached skill level 8 in Evocations
 43812 | Vaults:3 | Found a radiant altar of Vehumet.
 43818 | Vaults:3 | Received a gift from Trog
 43819 | Vaults:3 | Got a polished quarterstaff {god gift}
 43854 | Vaults:3 | Identified the +2 quarterstaff "Ponostrun" {crush, Dex+5} (Trog gifted it to you on level 3 of the Vaults)
 44030 | Vaults:3 | Reached skill level 18 in Fighting
 44359 | Vaults:3 | HP: 33/179 [two-headed ogre/giant spiked club (21)]
 44364 | Vaults:3 | HP: 37/179 [stone giant (7)]
 44749 | Vaults:3 | Reached skill level 9 in Evocations
 45084 | Vaults:3 | HP: 37/179 [deep troll[an ironheart preserver] (29)]
 46051 | Vaults:4 | Gained mutation: You are completely attuned to the shadows. [demonic ancestry]
 46051 | Vaults:4 | Reached XP level 20. HP: 183/188 MP: 26/26
 46073 | Vaults:4 | Received a gift from Trog
 46148 | Vaults:4 | Reached skill level 17 in Armour
 46197 | Vaults:4 | Found the +10 Black Knight's horse barding {ponderous, rPois rN+}
 46205 | Vaults:4 | Reached skill level 17 in Dodging
 46541 | Vaults:4 | Received a gift from Trog
 46569 | Vaults:4 | Reached skill level 10 in Evocations
 47412 | Vaults:4 | HP: 47/189 [titan (52)]
 47417 | Vaults:4 | HP: 27/189 [titan/the air (25)]
 47422 | Vaults:4 | HP: 42/189 [tengu reaver/enchanted great sword (13)]
 47443 | Vaults:4 | Received a gift from Trog
 47446 | Vaults:4 | Got a shimmering triple sword {god gift}
 47447 | Vaults:4 | Identified the +3 triple sword of Joyful Slaughter {slice, rElec MR++} (Trog gifted it to you on level 4 of the Vaults)
 48434 | Depths:1 | Entered Level 1 of the Depths
 48434 | Depths:1 | Found a one-way gate to the infinite horrors of the Abyss.
 48738 | Depths:1 | Reached skill level 11 in Evocations
 48786 | Depths:1 | Reached skill level 19 in Fighting
 49212 | Depths:1 | Found a gateway to Hell.
 49686 | Depths:2 | Reached XP level 21. HP: 188/198 MP: 29/29
 49775 | Depths:2 | Received a gift from Trog
 50504 | Depths:2 | Reached skill level 14 in Staves
 50585 | Depths:2 | Found a one-way gate leading to the halls of Pandemonium.
 51163 | Depths:3 | Found a gateway to a ziggurat.
 51214 | Depths:3 | Received a gift from Trog
 51222 | Depths:3 | Reached skill level 18 in Armour
 51454 | Depths:3 | Reached skill level 18 in Dodging
 51553 | Depths:3 | Noticed Mara
 51566 | Depths:3 | Killed Mara
 52238 | Depths:4 | HP: 41/199 [phantasmal warrior (9)]
 52245 | Depths:4 | HP: 35/199 [tengu warrior/halberd of venom (9)]
 52250 | Depths:4 | HP: 26/199 [phantasmal warrior (7)]
 52252 | Depths:4 | HP: 10/199 [phantasmal warrior (14)]
 52254 | Depths:4 | Mangled by a phantasmal warrior

Vault maps used:
D:1:      minmay_arrival_three_doors, serial_corexii_hall,
          corexii_hall_statues_i, corexii_hall_statues_x
D:2:      serial_bayou, serial_bayou_lagoon_a, serial_bayou_pond_d,
          serial_bayou_pond_d, serial_bayou_pond_a, first_ration,
          kennysheep_generic_room_12, uniq_crazy_yiuf_cottage
D:3:      nicolae_overflow_crystal_walls, grunt_decor_one_mirror,
          minmay_checkerbox
D:4:      nicolae_dithmenos_through_a_glass_darkly, uniq_menkaure
D:5:      temple_hall
D:6:      marbit_many_paths, kennysheep_mini, lemuel_coloured_pillars_altar,
          uniq_pikel
D:7:      serial_curves, eino_curves_04, eino_curves_01, eino_curves_03
D:8:      hangedman_little_slice_of_home, uniq_erica
D:9:      old_standard_altar, elyvilon_altar_5, erik_lair_island, serial_shops,
          shop, basic_altar, hangedman_minor_magic
D:10:     basic_altar
D:11:     st_stairs_4, kennysheep_pointless_box, serial_park_tiny_pond,
          uniq_maurice, uniq_erolcha
D:12:     david_orc_4, serial_shops, kennysheep_mini_moat,
          grunt_decor_mini_mirrors
D:13:     grunt_vaults_entry_tiered, uniq_josephine, uniq_kirke, uniq_nessos
D:14:     nicolae_gozag_cash_rules_everything_around_me
D:15:     grunt_enter_depths_snipers, serial_undead, serial_undead_b,
          serial_undead_e, serial_undead_b, serial_undead_b, serial_undead_c,
          small_statue_alley_a
Lair:1:   grunt_megastairs_4, minmay_lair_oklob_chamber
Lair:2:   minmay_snake_entry_guardpost_medium, grunt_megastairs_5
Lair:3:   minmay_swamp_entry_reptiles, portal_ice_cave_entry_pillars_1
Lair:4:   basic_altar
Lair:5:   dpeg_slime_entry_enclosed_altar, beast_lair_carwin_7
Lair:6:   hangedman_lair_tendril_chambers, disabler_island
Swamp:1:  basic_altar, uniq_nikola
Swamp:2:  evilmike_swamp_ruin_house_1, uniq_jorgrun
Swamp:3:  evilmike_swamp_ruin_rubble_1
Swamp:4:  swamp_pestilence, ldierk_geyser, swamp_pool1
Snake:1:  uniq_aizul
Snake:2:  serial_shops, nicolae_shop_stone
Snake:4:  grunt_snake_rune_serpentine_throne, spider_trap, grunt_megastairs_3,
          minmay_shop_grove
Orc:1:    basic_altar
Orc:2:    st_orc_mages, serial_shops, shop_statue
Vaults:1: vaults_room_hallway, nicolae_vaults_little_ls, vaults_dpeg_diagonal,
          nicolae_vaults_twisting_passages, v_misc_27, v_misc_18,
          nicolae_vaults_back_hallway, vaults_room_large_hall, v_alt_pattern_3,
          v_misc_29, nicolae_vaults_theta, ontoclasm_vaults_shuriken,
          vaults_room_pool, dpeg_vaults_monster_box, serial_shops, shop
Vaults:2: minmay_crypt_entry_simple_walls, hangedman_vaults_stream,
          vaults_mumra_lcd, v_misc_14, v_misc_26
Vaults:3: vaults_dpeg_cross, hangedman_vaults_trim,
          vaults_standard_mumra_enter_the_diamond, grunt_tower_of_power,
          dpeg_vaults_monster_row, nicolae_vaults_network_quincunx,
          ontoclasm_vaults_decontamination, hangedman_vaults_locks,
          vaults_mumra_hexcomb, vaults_room_octagon, vaults_dpeg_doors,
          v_misc_17, nicolae_vaults_asterisk, ontoclasm_vaults_bender,
          ontoclasm_vaults_fault
Vaults:4: nicolae_vaults_big_angled_halls, vaults_room_pools, v_misc_33,
          v_misc_3, vaults_room_stairs_pillars, st_octagons_2,
          nicolae_vaults_network_star, ontoclasm_vaults_eye, v_misc_28,
          vaults_room_pool, v_misc_29, ontoclasm_vaults_gateway
Depths:1: abyss_entry, bh_walls_and_bars, grunt_hell_entry_dis_mu,
          serial_bayou_pond_e, lemuel_statue_altar
Depths:2: minmay_spriggan_fort, pf_coc_iceberg, minmay_misc_feat_rugged,
          pan_entry, hex_large, serial_sigils_hangedman_snap,
          grunt_ministairs_15, corexii_corridor_pit, firewood_loft
Depths:3: lemuel_flame_loot_2, enter_ziggurat_a, hell_entry,
          serial_corexii_hall, corexii_hall_statues_l, corexii_hall_statues_t,
          corexii_hall_statues_s, pan_entry, infiniplex_staircase_hallway_doors,
          basic_stair_grate_trap, uniq_mara
Depths:4: evilmike_negative_zone, pf_hell_entry_tar_spiral,
          hangedman_decor_growths, abyss_entry, doesnt_xom_only_xom,
          minmay_staircase_windowed_large
Abyss:3:  evilmike_abyss_exit_16, doesnt_abyss_rune_brain_food
IceCv:    ice_cave_caverns_03

Skill      XL: |  1  2  3  4  5  6  7  8  9 10 11 12 13 14 15 16 17 18 19 20 21 |
---------------+----------------------------------------------------------------+-----
Dodging        | 2 3 4 5 6 8 9 10 11 12 13 14 15 16 17 18 | 18.1
Maces & Flails | 3 |  3.4
Armour         | 2 3 4 5 6 8 9 10 11 12 13 14 15 16 17 18 | 18.1
Staves         | 1 2 3 4 6 7 8 10 11 12 13 14 | 14.7
Fighting       | 4 5 6 7 9 10 11 12 13 14 15 16 17 18 19 | 19.5
Evocations     | 2 6 9 11 | 11.4

Action                   |  1- 3 |  4- 6 |  7- 9 | 10-12 | 13-15 | 16-18 | 19-21 || total
-------------------------+-------+-------+-------+-------+-------+-------+-------++-------
Melee: Mace              |    77 |       |       |       |       |       |       ||    77
       Kick              |    15 |    48 |   102 |   301 |   623 |   824 |   930 ||  2843
       Quarterstaff      |    15 |   186 |   367 |   467 |     2 |       |       ||  1037
       Lajatang          |       |       |       |   310 |  1719 |  1969 |  1798 ||  5796
Invok: Berserk           |     1 |       |     1 |       |       |       |       ||     2
       Trog's Hand       |       |     2 |     4 |     3 |     2 |       |     6 ||    17
       Burn Spellbooks   |       |       |     1 |     3 |     1 |     2 |     4 ||    11
       Brothers in Arms  |       |       |       |       |     5 |    13 |    11 ||    29
Evoke: Wand              |       |       |       |       |     4 |    11 |     5 ||    20
       Sack of spiders   |       |       |       |       |     1 |       |       ||     1
  Use: Scroll            |       |     1 |    16 |     9 |    15 |    17 |    15 ||    73
       Potion            |       |       |     3 |     4 |     4 |    13 |     4 ||    28
 Stab: Sleeping          |     1 |       |       |       |       |       |     1 ||     2
       Distracted        |       |       |       |       |     1 |     2 |       ||     3
  Eat: Chunk             |     4 |     6 |    12 |    11 |    27 |    26 |    24 ||   110
       Ration            |       |       |       |     5 |     9 |     8 |     6 ||    28
Armor: Animal skin       |     8 |       |       |       |       |       |       ||     8
       Chain mail        |    25 |    39 |       |       |       |       |       ||    64
       Plate armour      |       |    43 |   158 |   468 |   998 |  1266 |   648 ||  3581
       Skin              |       |       |    97 |     8 |       |       |       ||   105
       Fire dragon scale |       |       |       |       |       |       |   168 ||   168
Dodge: Dodged            |    51 |    57 |   106 |   391 |   925 |  1570 |  2045 ||  5145
Block: Other             |       |       |       |    42 |   100 |       |       ||   142
       Reflection        |       |       |       |       |     4 |       |       ||     4

Table legend:
 A = Spawn XP
 B = Non-spawn XP
 C = Spawn XP percentage of total XP
 D = Spawn monster count
 E = Non-spawn monster count
 F = Spawn count percentage of total count
 G = Total turns spent on level
                    A         B        C        D         E        F      G
               +---------+---------+-------+---------+---------+-------+---------
         Total |    2173 |  668212 |   0.3 |       6 |    1731 |   0.3 | 52254
               +---------+---------+-------+---------+---------+-------+---------
           D:1 |       0 |      33 |   0.0 |       0 |      16 |   0.0 |  1088
           D:2 |       0 |      57 |   0.0 |       0 |      13 |   0.0 |   815
           D:3 |       0 |     211 |   0.0 |       0 |      40 |   0.0 |  1184
           D:4 |       0 |     791 |   0.0 |       0 |      30 |   0.0 |  1512
           D:5 |       0 |     466 |   0.0 |       0 |      15 |   0.0 |   477
           D:6 |       0 |    1384 |   0.0 |       0 |      23 |   0.0 |   625
           D:7 |       0 |    1087 |   0.0 |       0 |      26 |   0.0 |   589
           D:8 |       0 |    2291 |   0.0 |       0 |      26 |   0.0 |  1231
           D:9 |       0 |    2981 |   0.0 |       0 |      31 |   0.0 |  1051
          D:10 |       0 |    3432 |   0.0 |       0 |      37 |   0.0 |   939
          D:11 |       0 |    6567 |   0.0 |       0 |      43 |   0.0 |   960
          D:12 |       0 |    8854 |   0.0 |       0 |      56 |   0.0 |  1222
          D:13 |       0 |   21536 |   0.0 |       0 |      61 |   0.0 |  1211
          D:14 |       0 |   17776 |   0.0 |       0 |      50 |   0.0 |  1423
          D:15 |       0 |   13305 |   0.0 |       0 |      24 |   0.0 |  1085
        Lair:1 |       0 |    3550 |   0.0 |       0 |      25 |   0.0 |  1367
        Lair:2 |       0 |    6393 |   0.0 |       0 |      33 |   0.0 |  1865
        Lair:3 |       0 |    4756 |   0.0 |       0 |      19 |   0.0 |  1087
        Lair:4 |       0 |    3287 |   0.0 |       0 |      15 |   0.0 |   992
        Lair:5 |       0 |   11357 |   0.0 |       0 |      22 |   0.0 |  1218
        Lair:6 |       0 |   21720 |   0.0 |       0 |      74 |   0.0 |  2541
       Swamp:1 |       0 |   10471 |   0.0 |       0 |      30 |   0.0 |   964
       Swamp:2 |       0 |   16470 |   0.0 |       0 |      44 |   0.0 |  1352
       Swamp:3 |       0 |   11948 |   0.0 |       0 |      33 |   0.0 |  1591
       Swamp:4 |       0 |   12895 |   0.0 |       0 |      35 |   0.0 |  1192
       Snake:1 |       8 |   22601 |   0.0 |       1 |      35 |   2.8 |  1582
       Snake:2 |       0 |   22120 |   0.0 |       0 |      38 |   0.0 |  1715
       Snake:3 |       0 |    7713 |   0.0 |       0 |      14 |   0.0 |   735
       Snake:4 |       0 |   66833 |   0.0 |       0 |     122 |   0.0 |  2657
         Orc:1 |       0 |    3304 |   0.0 |       0 |      47 |   0.0 |   587
         Orc:2 |       0 |    8452 |   0.0 |       0 |      63 |   0.0 |  1206
      Vaults:1 |       0 |   43030 |   0.0 |       0 |      89 |   0.0 |  2261
      Vaults:2 |       0 |   42638 |   0.0 |       0 |      63 |   0.0 |  2475
      Vaults:3 |       0 |   58232 |   0.0 |       0 |      88 |   0.0 |  2534
      Vaults:4 |       0 |   82031 |   0.0 |       0 |     154 |   0.0 |  2193
      Depths:1 |       0 |   17650 |   0.0 |       0 |      26 |   0.0 |   918
      Depths:2 |       0 |   54106 |   0.0 |       0 |      83 |   0.0 |  1580
      Depths:3 |       0 |   32883 |   0.0 |       0 |      27 |   0.0 |  1035
      Depths:4 |       0 |    6101 |   0.0 |       0 |       9 |   0.0 |   106
       Abyss:3 |    2165 |    3530 |  38.0 |       5 |       5 |  50.0 |   275
         IceCv |       0 |   13370 |   0.0 |       0 |      47 |   0.0 |   814
               +---------+---------+-------+---------+---------+-------+---------

Vault maps used:
D:1:      minmay_arrival_three_doors, serial_corexii_hall,
          corexii_hall_statues_i, corexii_hall_statues_x
D:2:      serial_bayou, serial_bayou_lagoon_a, serial_bayou_pond_d,
          serial_bayou_pond_d, serial_bayou_pond_a, first_ration,
          kennysheep_generic_room_12, uniq_crazy_yiuf_cottage
D:3:      nicolae_overflow_crystal_walls, grunt_decor_one_mirror,
          minmay_checkerbox
D:4:      nicolae_dithmenos_through_a_glass_darkly, uniq_menkaure
D:5:      temple_hall
D:6:      marbit_many_paths, kennysheep_mini, lemuel_coloured_pillars_altar,
          uniq_pikel
D:7:      serial_curves, eino_curves_04, eino_curves_01, eino_curves_03
D:8:      hangedman_little_slice_of_home, uniq_erica
D:9:      old_standard_altar, elyvilon_altar_5, erik_lair_island, serial_shops,
          shop, basic_altar, hangedman_minor_magic
D:10:     basic_altar
D:11:     st_stairs_4, kennysheep_pointless_box, serial_park_tiny_pond,
          uniq_maurice, uniq_erolcha
D:12:     david_orc_4, serial_shops, kennysheep_mini_moat,
          grunt_decor_mini_mirrors
D:13:     grunt_vaults_entry_tiered, uniq_josephine, uniq_kirke, uniq_nessos
D:14:     nicolae_gozag_cash_rules_everything_around_me
D:15:     grunt_enter_depths_snipers, serial_undead, serial_undead_b,
          serial_undead_e, serial_undead_b, serial_undead_b, serial_undead_c,
          small_statue_alley_a
Lair:1:   grunt_megastairs_4, minmay_lair_oklob_chamber
Lair:2:   minmay_snake_entry_guardpost_medium, grunt_megastairs_5
Lair:3:   minmay_swamp_entry_reptiles, portal_ice_cave_entry_pillars_1
Lair:4:   basic_altar
Lair:5:   dpeg_slime_entry_enclosed_altar, beast_lair_carwin_7
Lair:6:   hangedman_lair_tendril_chambers, disabler_island
Swamp:1:  basic_altar, uniq_nikola
Swamp:2:  evilmike_swamp_ruin_house_1, uniq_jorgrun
Swamp:3:  evilmike_swamp_ruin_rubble_1
Swamp:4:  swamp_pestilence, ldierk_geyser, swamp_pool1
Snake:1:  uniq_aizul
Snake:2:  serial_shops, nicolae_shop_stone
Snake:4:  grunt_snake_rune_serpentine_throne, spider_trap, grunt_megastairs_3,
          minmay_shop_grove
Orc:1:    basic_altar
Orc:2:    st_orc_mages, serial_shops, shop_statue
Vaults:1: vaults_room_hallway, nicolae_vaults_little_ls, vaults_dpeg_diagonal,
          nicolae_vaults_twisting_passages, v_misc_27, v_misc_18,
          nicolae_vaults_back_hallway, vaults_room_large_hall, v_alt_pattern_3,
          v_misc_29, nicolae_vaults_theta, ontoclasm_vaults_shuriken,
          vaults_room_pool, dpeg_vaults_monster_box, serial_shops, shop
Vaults:2: minmay_crypt_entry_simple_walls, hangedman_vaults_stream,
          vaults_mumra_lcd, v_misc_14, v_misc_26
Vaults:3: vaults_dpeg_cross, hangedman_vaults_trim,
          vaults_standard_mumra_enter_the_diamond, grunt_tower_of_power,
          dpeg_vaults_monster_row, nicolae_vaults_network_quincunx,
          ontoclasm_vaults_decontamination, hangedman_vaults_locks,
          vaults_mumra_hexcomb, vaults_room_octagon, vaults_dpeg_doors,
          v_misc_17, nicolae_vaults_asterisk, ontoclasm_vaults_bender,
          ontoclasm_vaults_fault
Vaults:4: nicolae_vaults_big_angled_halls, vaults_room_pools, v_misc_33,
          v_misc_3, vaults_room_stairs_pillars, st_octagons_2,
          nicolae_vaults_network_star, ontoclasm_vaults_eye, v_misc_28,
          vaults_room_pool, v_misc_29, ontoclasm_vaults_gateway
Depths:1: abyss_entry, bh_walls_and_bars, grunt_hell_entry_dis_mu,
          serial_bayou_pond_e, lemuel_statue_altar
Depths:2: minmay_spriggan_fort, pf_coc_iceberg, minmay_misc_feat_rugged,
          pan_entry, hex_large, serial_sigils_hangedman_snap,
          grunt_ministairs_15, corexii_corridor_pit, firewood_loft
Depths:3: lemuel_flame_loot_2, enter_ziggurat_a, hell_entry,
          serial_corexii_hall, corexii_hall_statues_l, corexii_hall_statues_t,
          corexii_hall_statues_s, pan_entry, infiniplex_staircase_hallway_doors,
          basic_stair_grate_trap, uniq_mara
Depths:4: evilmike_negative_zone, pf_hell_entry_tar_spiral,
          hangedman_decor_growths, abyss_entry, doesnt_xom_only_xom,
          minmay_staircase_windowed_large
Abyss:3:  evilmike_abyss_exit_16, doesnt_abyss_rune_brain_food
IceCv:    ice_cave_caverns_03

Table legend:
 A = Turns spent in this place as a percentage of turns spent in the entire game.
 B = Non-inter-level travel turns spent in this place as a percentage of non-inter-level travel turns spent in the entire game.
 C = Inter-level travel turns spent in this place as a percentage of turns spent in this place.
 D = Turns resting spent in this place as a percentage of non-inter-level travel turns spent in this place.
 E = Turns spent auto-exploring this place as a percentage of non-inter-level travel turns spent in this place.
 F = Non-inter-level travel turns spent in this place divided by the number of levels of this place that you've seen.
                   A       B       C       D       E      F
               +-------+-------+-------+-------+-------+----------------------
         Total | 100.0 | 100.0 |   4.3 |  31.0 |  46.0 | 1219.4
       Dungeon |  29.5 |  28.9 |   6.2 |  20.6 |  56.2 | 964.0
          Lair |  17.4 |  17.3 |   4.9 |  40.3 |  43.0 | 1437.7
         Swamp |   9.8 |   9.8 |   3.8 |  43.7 |  37.3 | 1226.0
     Snake Pit |  12.8 |  13.0 |   2.9 |  48.6 |  29.0 | 1623.2
  Orcish Mines |   3.4 |   3.4 |   4.6 |  10.3 |  58.9 | 855.0
        Vaults |  18.1 |  18.3 |   3.1 |  31.2 |  42.6 | 2293.5
        Depths |   7.0 |   7.1 |   2.7 |  11.9 |  64.7 | 885.0
         Abyss |   0.5 |   0.6 |   0.0 |  28.4 |   0.0 | 275.0
      Ice Cave |   1.6 |   1.6 |   0.0 |  28.1 |  29.4 | 814.0
               +-------+-------+-------+-------+-------+----------------------

Table legend:
 A = Kills in this place as a percentage of kills in entire the game.
 B = Kills by you in this place as a percentage of kills by you in the entire game.
 C = Kills by friends in this place as a percentage of kills by friends in the entire game.
 D = Other kills in this place as a percentage of other kills in the entire game.
 E = Experience gained in this place as a percentage of experience gained in the entire game.
 F = Experience gained in this place divided by the number of levels of this place that you have seen.
                   A       B       C       D       E      F
               +-------+-------+-------+-------+-------+----------------------
         Total | 100.0 | 100.0 | 100.0 | 100.0 | 100.0 | 16350.9
       Dungeon |  28.3 |  29.7 |   0.0 |  16.7 |  12.0 | 5384.7
          Lair |  10.8 |  11.1 |   6.3 |   0.0 |   7.6 | 8510.5
         Swamp |   8.2 |   7.6 |  20.3 |   0.0 |   7.7 | 12946.0
     Snake Pit |  12.1 |  11.9 |  15.2 |  16.7 |  17.8 | 29818.8
  Orcish Mines |   6.3 |   5.9 |  13.9 |  16.7 |   1.8 | 5878.0
        Vaults |  22.7 |  22.1 |  34.2 |  33.3 |  33.7 | 56482.8
        Depths |   8.3 |   8.3 |   8.9 |  16.7 |  16.5 | 27685.0
         Abyss |   0.6 |   0.5 |   1.3 |   0.0 |   0.8 | 5695.0
      Ice Cave |   2.7 |   2.8 |   0.0 |   0.0 |   2.0 | 13370.0
               +-------+-------+-------+-------+-------+----------------------
